[Event "1000 GM Labor Day Super Swiss 2024"]
[Site "San Jose"]
[Date "2024.09.01"]
[Round "4.20"]
[White "Zuluaga Mancilla, Cesar"]
[Black "Ubaldo Suarez, Maria Gisela"]
[Result "1-0"]
[Annotator "TA"]
[ECO "D02"]
[WhiteElo "2166"]
[BlackElo "1958"]
[PlyCount "94"]
[EventDate "2024.08.30"]
[EventType "swiss"]
[EventCountry "USA"]
[SourceTitle "playchess.com"]
[Source "ChessBase"]
[SourceQuality "1"]
[TimeControl "5400+30"]

1. d4 d5 2. Nf3 Nf6 3. Bf4 c5 4. c3 Nc6 5. dxc5 a5 (5... e6 $11) 6. e3 {[%emt 0:00:22] White is more active.} e6 7. Bb5 Bxc5 8. Nbd2 {[%emt 0:00:51] The position is equal.} O-O 9. a4 Bd7 10. Nb3 Be7 11. h3 Ne4 12. O-O Rc8 13. Nbd2 f5 14. Nxe4 fxe4 15. Nd2 Kh8 16. Bg3 Rf5 (16... Be8 $11) 17. Nb3 Ne5 {[%emt 0:00:00] [#]} (17... Be8 $11) 18. Be2 (18. Nd4 $1 $16 Bxb5 19. axb5) 18... Nc4 19. Nd4 Rg5 (19... Nxb2 $2 20. Qb3 Nd3 21. Bxd3 (21. Qxb7 Rf8 $11) 21... exd3 22. Nxf5 exf5 23. Qxb7 $18 (23. Qxd5 Bf6 $18)) 20. Bf4 Rg6 (20... Nxb2 21. Qb1 (21. Qb3 Nd3 $18) 21... Nd3 22. Bxg5 (22. Qxb7 Nxf4 23. exf4 Rg6 $17) (22. Bxd3 exd3 23. Bxg5 Bxg5 $18) 22... Bxg5 23. Bxd3 (23. Qxb7 Rb8 $16) 23... exd3 24. Qxd3 $14) 21. Bh5 (21. Bxc4 $11 Rxc4 22. Be5) 21... Rf6 ({Black should play} 21... e5 $1 $15 22. Bxg6 hxg6) 22. b3 (22. Be2 $1 $11 {keeps the balance.}) 22... Nb2 23. Qd2 Nd3 {[%emt 0:00:00] [#] White must now prevent ...e5.} 24. Bg3 e5 25. Nb5 Bxb5 26. axb5 d4 27. exd4 (27. c4 {simplifies} Bc5 28. Bg4 Ra8 29. Kh2) 27... exd4 28. cxd4 {[%emt 0:00:09] And now Bg4 would win.} Qxd4 29. Bh4 ({Better is} 29. Rxa5 $11 Bb4 30. Ra4) 29... Rh6 (29... Bb4 $15 30. Qe3 Qe5) 30. Bxe7 $11 Rxh5 31. Rxa5 Qd7 32. Bg5 h6 33. Be3 Rxb5 34. Rb1 Rxa5 35. Qxa5 b5 36. Qb6 Kh7 (36... Ra8 $11) 37. Ra1 $1 $14 Rc6 38. Qb8 (38. Qxb5 $2 {too greedy.} Rc1+ 39. Rxc1 Qxb5 $19) 38... Rc8 {[%emt 0:00:27] Wards off Ra8} 39. Qg3 (39. Ra7 {simplifies} Rxb8 40. Rxd7 Ra8 41. Rb7) 39... Rc7 {[%emt 0:00:43] Prevents Ra7} ({Black should try} 39... Nc5 $14) 40. Ra6 Qf7 {[%emt 0:01:05][%cal Od3b4] Against Qg6+} 41. Qg4 Re7 42. Rb6 Re5 43. Bd4 $36 {[%emt 0:02:53][%mdl 2048] White has strong initiative.} h5 44. Qh4 g5 (44... Qc7 $16 {might work better.}) 45. Qg3 $18 Rf5 (45... Nf4 $18 46. Qe3 (46. Bxe5 $2 {is the wrong capture.} Ne2+ 47. Kh2 Nxg3 $19) 46... Nd5) 46. Qb8 Qf8 47. Qb7+ ({Weaker is} 47. Rxb5 Qxb8 48. Rxb8 Nf4 $18) 47... Rf7 {[%emt 0:01:34] Weighted Error Value: White=0.16 (very precise) /Black=0.39.  Mistake:       	White=4     	Black=8      Inaccurate:     	White=3     	Black=6      OK:         	White=10    	Black=13     Best:        	White=2     	Black=2      Strong:       	White=1     	---} 1-0

[Event "1000 GM Labor Day Super Swiss 2024"]
[Site "San Jose"]
[Date "2024.09.01"]
[Round "4.21"]
[White "Montes Orozco, Miguel Angel"]
[Black "Biyiasas, Theodore"]
[Result "1-0"]
[Annotator "TA"]
[ECO "B58"]
[WhiteElo "2155"]
[BlackElo "1973"]
[PlyCount "73"]
[EventDate "2024.08.30"]
[EventType "swiss"]
[EventCountry "USA"]
[SourceTitle "playchess.com"]
[Source "ChessBase"]
[SourceQuality "1"]
[TimeControl "5400+30"]

1. e4 c5 2. Nf3 d6 3. d4 cxd4 4. Nxd4 Nf6 5. Nc3 Nc6 6. Be2 e5 7. Nf3 Be7 8. Bg5 Be6 9. Qd2 O-O 10. O-O {[%emt 0:06:05] The position is equal.} h6 11. Bxf6 Bxf6 12. Rfd1 Be7 (12... Qb6 $11) 13. Nb5 (13. Nd5 $16) 13... Qb6 14. a4 a5 15. Na3 Rfd8 (15... Qxb2 $2 16. Rdb1 Bg5 17. Nxg5 $18 (17. Rxb2 Bxd2 18. Nxd2 d5 $18)) 16. Nc4 Qc7 17. Ne3 Nd4 18. Nxd4 $14 exd4 19. Qxd4 Bf6 20. Qd3 (20. Nd5 $14 {might be stronger.} Bxd5 21. Qxd5 Qxc2 22. Bc4 Bxb2 23. Ra2 (23. Qxf7+ Kh8 $15)) 20... Bxb2 $11 {[%emt 0:00:48] This pair of bishops is nice.} 21. Rab1 Bc3 22. Bg4 Bb4 23. Bxe6 fxe6 24. Qb3 Re8 25. Rd3 Re7 $2 {[%emt 0:01:11] [#] Black is weak on the light squares} (25... Qc6 $11) 26. c3 $1 $36 {[%emt 0:01:40][%mdl 2048] Black is under strong pressure.} Bc5 27. Nf5 {[%emt 0:00:06] White is more active.} b6 ({Don't blunder} 27... Ree8 $2 28. Rg3 (28. Qxb7 $2 {perishes.} Rab8 $19) 28... Kh8 29. Rxg7 $18 (29. Qxb7 $2 Rab8 $19)) 28. e5 $2 (28. Nxe7+ $18 Qxe7 29. Rf3) 28... Rf7 $11 29. Qxe6 dxe5 30. Rbd1 Kh7 {[%emt 0:00:17][%mdl 8192] [#] This costs Black the game.} (30... Kh8 $11) 31. Rd7 $18 Bxf2+ 32. Kh1 (32. Kxf2 $142 Raf8 33. Rxc7 Rxc7 34. Rd7 (34. Qxe5 Rcf7 $18) 34... Rxd7 35. Qxd7) 32... Raf8 33. Rxc7 Rxc7 34. Rd7 Rxd7 35. Qxd7 Rg8 36. Ne7 Rf8 37. Qd3+ {[%emt 0:00:08] Weighted Error Value: White=0.23 (precise) /Black=0.56.  Loses game:     	---       	Black=1      Missed win:     	White=1     	---        Mistake:       	White=2     	Black=3      Inaccurate:     	White=2     	Black=1      OK:         	White=8     	Black=8      Best:        	White=4     	Black=3} 1-0

[Event "1000 GM Labor Day Super Swiss 2024"]
[Site "San Jose"]
[Date "2024.09.01"]
[Round "4.22"]
[White "Gonzalez Zharikov, Andrey"]
[Black "Alfaro, William"]
[Result "1/2-1/2"]
[Annotator "TA"]
[ECO "E65"]
[WhiteElo "2070"]
[BlackElo "2137"]
[PlyCount "72"]
[EventDate "2024.08.30"]
[EventType "swiss"]
[EventCountry "USA"]
[SourceTitle "playchess.com"]
[Source "ChessBase"]
[SourceQuality "1"]
[TimeControl "5400+30"]

1. d4 Nf6 2. Nf3 g6 3. g3 Bg7 4. Bg2 O-O 5. O-O d6 6. c4 c5 7. Nc3 Nc6 8. h3 Nxd4 9. Nxd4 cxd4 10. Qxd4 Be6 11. Qh4 Rc8 12. b3 Rc5 13. g4 {[%emt 0:12:53] [#] Prevents Rh5} (13. Bxb7 $2 Rh5 14. Qf4 Bxh3 $19) ({Better is} 13. Bf3 $15) 13... Nxg4 $1 $17 14. hxg4 Bxc3 {[%emt 0:00:00] Black is better.} 15. Rb1 Bf6 ({Black should try} 15... h5 $17 16. Be3 Re5) 16. g5 $15 Bg7 17. Be3 Ra5 18. a4 Qd7 19. Rbd1 b6 20. f4 h5 21. Bd2 Rc5 22. e4 (22. Bb4 $15) 22... Bg4 $17 23. Rde1 Bd4+ 24. Kh1 {[%emt 0:00:01] [#]} e6 (24... a6 $142 $1 {And now ...b5 would win.} 25. Qg3 b5 26. cxb5 axb5) 25. Bf3 Bxf3+ 26. Rxf3 d5 27. exd5 exd5 28. Bb4 dxc4 $1 29. Bxc5 bxc5 ({Black should play} 29... Bxc5 $17 30. f5 cxb3 (30... gxf5 31. Qxc4 Rd8 32. Ref1 $16)) 30. bxc4 $11 {[%emt 0:01:51] The position is equal.} Re8 31. Rxe8+ Qxe8 {[%emt 0:00:00] KQR-KQB} 32. f5 Qe2 33. Qh3 Qe1+ 34. Rf1 Qe4+ 35. Rf3 Qe1+ 36. Rf1 Qe4+ {[%emt 0:00:00] Weighted Error Value: White=0.16 (very precise) /Black=0.16 (very precise) .  Mistake:       	White=2     	Black=3      Inaccurate:     	White=1     	Black=2      OK:         	White=9     	Black=5      Best:        	White=4     	Black=2      Strong:       	---       	Black=1      Brilliant:      	---       	Black=1} 1/2-1/2